Unix NetHack Version 5.0.0-0 post-release - last build May  4 2026 22:22:43 (774f63e81ad911689b3a0859ea89b322d5daca8d,branch:main).

Game began 2026-05-05 15:06:57, ended 2026-05-05 15:40:21.

GdeVolpiano, chaotic female human Rogue

                                                                         ---+-
                                                                         |f@)|
                                                                         |u<)|
                                                                         |(..|
                                                                         -----

GdeVolpiano the Rogue   St:16 Dx:18 Co:15 In:10 Wi:9 Ch:9  Chaotic
Dlvl:9  $:119 HP:0(44) Pw:24(24) AC:3  Xp:6 T:3155 

Latest messages:
 What do you want to drop? [$a-lnoqs-wC-HJLN-RU-W or ?*]
 You drop a mummy wrapping.
 You descend the stairs.
 Heliodore misses the white unicorn.
 The white unicorn butts!
 The white unicorn kicks!
 Heliodore misses the white unicorn.
 The white unicorn butts!
 The white unicorn kicks!
 In what direction?
 Heliodore misses the white unicorn.
 The white unicorn misses!
 The white unicorn kicks!
 The white unicorn butts!
 The white unicorn kicks!
 You climb up the stairs.
 What do you want to drink? [dlnqwJQ or ?*]
 You feel better.
 You descend the stairs.
 Heliodore misses the white unicorn.
 The white unicorn just misses!
 The white unicorn kicks!
 The white unicorn butts!
 The white unicorn kicks!
 In what direction?
 You throw 3 daggers.
 Heliodore misses the white unicorn.
 The white unicorn butts!
 The white unicorn kicks!
 X - a yellow potion.
 Heliodore bites the white unicorn.
 The white unicorn butts Heliodore.
 The white unicorn misses Heliodore.
 The white unicorn butts!
 The white unicorn kicks!
 The white unicorn just misses!
 The white unicorn kicks!
 In what direction?
 The dagger hits the white unicorn.
 The white unicorn misses!
 The white unicorn kicks!
 The white unicorn butts!
 The white unicorn kicks!
 In what direction?
 The dagger hits the white unicorn.
 The white unicorn butts!
 The white unicorn kicks!
 You die...
 Do you want your possessions identified? [ynq] (y)
 Do you want to see your attributes? [ynq] (y)

Inventory:
 Coins    ('$')
  $ - 119 gold pieces
 Weapons  (')')
  b - a +0 dagger (alternate weapon; not wielded)
  g - 4 +0 daggers (at the ready)
  s - a corroded +0 dagger
  a - a +0 short sword (weapon in right hand)
 Armor    ('[')
  j - an uncursed +0 elven leather helm (being worn)
  i - an uncursed +0 orcish helm
  u - an uncursed +0 pair of leather gloves (being worn)
  V - an uncursed +1 pair of kicking boots (being worn)
  c - a blessed +1 leather armor (being worn)
 Comestibles  ('%')
  L - 2 uncursed food rations
 Scrolls  ('?')
  F - an uncursed scroll of charging
  C - 3 uncursed scrolls of confuse monster
  E - an uncursed scroll of earth
  v - a cursed scroll of enchant armor
  R - an uncursed scroll of enchant weapon
  N - an uncursed scroll of identify
  P - a cursed scroll of magic mapping
  H - an uncursed scroll of scare monster
  O - an uncursed scroll of scare monster
  G - a blessed scroll of teleportation
 Potions  ('!')
  l - an uncursed potion of extra healing
  J - an uncursed potion of gain energy
  w - a blessed potion of healing
  Q - an uncursed potion of healing
  q - an uncursed potion of object detection
  d - an uncursed potion of sickness
  X - an uncursed potion of speed
  n - an uncursed potion of water
 Rings    ('=')
  o - an uncursed ring of regeneration (on right hand)
 Wands    ('/')
  D - a wand of teleportation (0:5)
 Tools    ('(')
  U - an empty uncursed oilskin sack
  f - an uncursed sack containing 1 item
  t - an uncursed blindfold
  e - an uncursed lock pick
  k - an uncursed tin whistle
 Gems/Stones  ('*')
  h - 2 uncursed worthless pieces of green glass

Contents of the sack:
  40 gold pieces

GdeVolpiano the Rogue's attributes:

Background:
 You were a Rogue, level 6 female human.
 You were chaotic, on a mission for Kos
 who was opposed by Issek (lawful) and Mog (neutral).
 You were right-handed.
 You were in the Dungeons of Doom, on level 9.
 You entered the dungeon 3155 turns ago.
 You had 352 experience points, 288 more were needed to attain level 7.

Basics:
 You had 0 out of 44 hit points.
 You had all 24 energy points (spell power).
 Your armor class was 3.
 Your wallet contained 119 zorkmids, and
 you had 40 more stashed away in your pack.
 Autopickup was on for '$?!/="+' plus thrown, with exceptions.

Final Characteristics:
 Your strength was 16 (limit:18/100).
 Your dexterity was 18 (limit:18).
 Your constitution was 15 (limit:18).
 Your intelligence was 10 (limit:18).
 Your wisdom was 9 (limit:18).
 Your charisma was 9 (limit:18).

Final Status:
 You weren't hungry.
 You were unencumbered.
 You were wielding a short sword.
 You had basic skill with short sword.

Final Attributes:
 You were piously aligned.
 You were stealthy.
 You regenerated.
 You were warded.
 You are dead.

Miscellaneous:
 You didn't encounter any bones levels.
 Total elapsed playing time was 24 minutes and 37 seconds.

Major events:
 Turn
    1: GdeVolpiano the chaotic female human Rogue entered the dungeon
  681: attained the rank of Cutpurse (level 3)
 1059: entered the Gnomish Mines
 3049: attained the rank of Rogue (level 6)
 3155: killed by a white unicorn

Spells:
 Name                 Level Category     Fail Retention
 confuse monster        1   enchantment   60%  76%-100%
 slow monster           2   enchantment  100%  76%-100%

Skills:
 Fighting Skills
   bare handed combat [Unskilled]
   two weapon combat  [Unskilled]
   riding             [Unskilled]
 Weapon Skills
   dagger             [Skilled]
   knife              [Unskilled]
   short sword        [Basic]
   broadsword         [Unskilled]
   long sword         [Unskilled]
   two-handed sword   [Unskilled]
   saber              [Unskilled]
   club               [Unskilled]
   mace               [Unskilled]
   morning star       [Unskilled]
   flail              [Unskilled]
   hammer             [Unskilled]
   polearms           [Unskilled]
   spear              [Unskilled]
   crossbow           [Unskilled]
   dart               [Unskilled]
   shuriken           [Unskilled]
 Spellcasting Skills
   divination spells  [Unskilled]
   escape spells      [Unskilled]
   matter spells      [Unskilled]

Voluntary challenges:
 Character rerolling was not enabled.
 You were vegetarian.
 You never genocided any monsters.
 You never polymorphed an object.
 You never changed form.
 You used no wishes.
Achievements:
 You attained the rank of Cutpurse.
 You entered the Gnomish Mines.
 You entered a shop.
 You attained the rank of Rogue.

 The Dungeons of Doom: levels 1 to 9
    Level 1:
       A sink.
    Level 2:
       A fountain.
    Level 3:
    Level 4: "vault"
       Many altars.
       Stairs down to The Gnomish Mines.
    Level 5:
       A scroll shop, a sink.
    Level 6: "vault"
       A fountain.
    Level 7:
    Level 8:
       Many fountains.
       Oracle of Delphi.
    Level 9: <- You were here.
       Final resting place for
          you, killed by a white unicorn.
 The Gnomish Mines:
    Level 5:


Vanquished creatures:
  a giant beetle
  a leprechaun
  a dwarf mummy
  a gnome mummy
  a rock mole
  a pony
  a shrieker
  a gnome leader
  a gray ooze
  a little dog
  a floating eye
  a kitten
  2 kobold leaders
  a centipede
  a giant bat
  3 orc zombies
  2 dwarf zombies
  a werejackal
  2 iguanas
  3 acid blobs
  a gas spore
  3 large kobolds
  2 giant rats
  4 cave spiders
  2 garter snakes
  5 gnome zombies
  6 jackals
  a fox
  4 goblins
  a grid bug
  a bat
  5 lichens
  7 kobold zombies
  4 newts
73 creatures vanquished.

No species were genocided or became extinct.

Game over:
                       ----------
                      /          \
                     /    REST    \
                    /      IN      \
                   /     PEACE      \
                  /                  \
                  |   GdeVolpiano    |
                  |      159 Au      |
                  |   killed by a    |
                  |  white unicorn   |
                  |                  |
                  |                  |
                  |       2026       |
                 *|     *  *  *      | *
        _________)/\\_//(\/(/\)/\//\/|_)_______

Goodbye GdeVolpiano the Rogue...

You died in The Dungeons of Doom on dungeon level 9 with 1962 points,
and 159 pieces of gold, after 3155 moves.
You were level 6 with a maximum of 44 hit points when you died.

